 Dungeon Sprint DCSS version 0.24-a0-525-g9231cdc (webtiles) character file.

Game seed: 1847429353433178803

2991 silentkaos13 the Deadly Accurate (level 10, -1/94 HPs)
             Began as a Kobold Hunter on Aug 4, 2019.
             Was a Believer of Okawaru.
             Slain by a centaur warrior (10 damage)
             ... in the Dungeon (Sprint I: "Red Sonja").
             The game lasted 00:04:53 (1005 turns).

silentkaos13 the Deadly Accurate (Kobold Hunter)    Turns: 1005, Time: 00:04:53

Health: -1/94      AC:  4    Str: 14    XL:     10   Next: 9%
Magic:  10/10      EV: 19    Int: 14    God:    Okawaru [**....]
Gold:   621        SH:  0    Dex: 18    Spells: 9/9 levels left

rFire    . . .     SeeInvis .   g - +1 short sword (venom)
rCold    . . .     Gourm    .   (shield restricted)
rNeg     . . .     Faith    .   h - +0 troll leather armour
rPois    .         Spirit   .   (no helmet)
rElec    .         Reflect  .   (no cloak)
rCorr    .         Harm     .   (no gloves)
MR       .....     NoTele   +   (no boots)
Stlth    ..........             (no amulet)
HPRegen  0.65/turn              (no ring)
MPRegen  0.12/turn              (no ring)

@: berserking (expiring), very quick
A: small, carnivore
a: Heroism, Renounce Religion


You were in the Dungeon.
You worshipped Okawaru.
Okawaru was pleased with you.
You were completely stuffed.

You visited 1 branch You collected 621 gold pieces.

Inventory:

Hand Weapons
 a - a +0 short sword
 g - a +1 short sword of venom (weapon)
Missiles
 c - 4 boomerangs (quivered)
 d - 2 throwing nets
 p - 4 curare-tipped darts
 t - 6 poisoned darts
Armour
 b - a +0 leather armour
 h - a +0 troll leather armour (worn)
Wands
 l - a wand of digging (2)
 s - a wand of disintegration (14)
Scrolls
 k - a scroll of blinking
 n - a scroll of remove curse {unknown}
 o - a scroll of enchant armour {unknown}
Potions
 e - a potion of curing
 i - 2 potions of magic
 m - a potion of flight {unknown}
 r - a potion of resistance {unknown}
Comestibles
 f - 2 rations
 q - 3 chunks of flesh


   Skills:
 + Level 7.1 Fighting
 + Level 19.9 Throwing
 + Level 4.6 Armour
 + Level 6.2 Dodging
 + Level 5.1 Stealth


You had 9 spell levels left.
You didn't know any spells.
Your spell library was empty.

Dungeon Overview and Level Annotations

Branches:
Dungeon (1/1)

Altars:
Cheibriados
Dithmenos
Elyvilon
Fedhas
Gozag
Hepliaklqana
Kikubaaqudgha
Makhleb
Nemelex Xobeh
Okawaru
Qazlal
Ru
Sif Muna
Trog
Uskayaw
Vehumet
Wu Jian
Xom
Yredelemnul
Zin
The Shining One
Jiyva
Lugonu

Shops:
D (%[


Innate Abilities, Weirdness & Mutations

You are small and have problems with some larger weapons.
You are carnivorous and can eat meat at any time.


Message History

The centaur warrior closely misses you.
You puncture the centaur warrior!
The centaur warrior is poisoned.
The centaur warrior is heavily wounded.
The centaur warrior misses you.
You closely miss the centaur warrior.
The centaur warrior is heavily wounded.
The centaur warrior hits you.
* * * LOW HITPOINT WARNING * * *
You closely miss the centaur warrior.
The centaur warrior is heavily wounded.
The centaur warrior barely misses you.
You puncture the centaur warrior!
The centaur warrior is severely wounded.
The centaur warrior hits you.
* * * LOW HITPOINT WARNING * * *
You puncture the centaur warrior!
The centaur warrior looks as sick as possible!
The centaur warrior is almost dead.
The centaur warrior hits you!
You die...

#######################
#..)..#..'..#__#..)...#
)..#..').#..'..'..#...#
#####'#####'#__####...+
####..#...#.####§§#####
#__####..##.#§≈≈§§#
#_____##'#_.+§≈§c§+
#_.∩...'..._#≈§§@§#
#_..__##_.#'##§####
#_____###'#[#.(..###
#########.####'###)##
.......'.÷.'.....'.∩#
++++####...##########
##.## #+#


You could see a centaur warrior.

Vanquished Creatures
  A centaur warrior (D)
  Sonja (D)
  A deep troll (D)
  2 kobold demonologists (D)
  A slime creature (D)
  Sigmund (D)
  A yak (D)
  A floating eye (D)
  An ogre (D)
  A jelly (D)
  Ijyb (D)
12 creatures vanquished.

Vanquished Creatures (others)
  A gargoyle (D)
1 creature vanquished.

Grand Total: 13 creatures vanquished

Notes
Turn   | Place    | Note
-------+----------+-------------------------------------------
     0 | D        | silentkaos13 the Kobold Hunter began the quest for the Orb.
     0 | D        | Reached XP level 1. HP: 12/12 MP: 1/1
     1 | D        | Noticed Ijyb
    17 | D        | Killed Ijyb
    17 | D        | Reached skill level 7 in Throwing
    17 | D        | Reached XP level 2. HP: 14/18 MP: 2/2
    17 | D        | Reached XP level 3. HP: 17/22 MP: 3/3
    79 | D        | Noticed an ogre
    90 | D        | Killed an ogre
    90 | D        | Reached skill level 10 in Throwing
    90 | D        | Reached XP level 4. HP: 27/28 MP: 4/4
    90 | D        | Reached XP level 5. HP: 31/32 MP: 5/5
   102 | D        | Noticed Sigmund
   119 | D        | Killed Sigmund
   119 | D        | Reached skill level 12 in Throwing
   119 | D        | Reached XP level 6. HP: 28/39 MP: 6/6
   212 | D        | Found an ornate altar of the Wu Jian Council.
   212 | D        | Found a deep blue altar of Sif Muna.
   214 | D        | Found a radiant altar of Vehumet.
   216 | D        | Reached skill level 13 in Throwing
   216 | D        | Reached skill level 1 in Armour
   243 | D        | Found Nulant's Food Emporium.
   243 | D        | Found an ancient bone altar of Kikubaaqudgha.
   243 | D        | Found a hazy altar of Hepliaklqana.
   243 | D        | Found a stormy altar of Qazlal.
   243 | D        | Found a hide-covered altar of Uskayaw.
   243 | D        | Found a blossoming altar of Fedhas.
   243 | D        | Found a bloodstained altar of Trog.
   243 | D        | Found an iron altar of Okawaru.
   243 | D        | Found a basalt altar of Yredelemnul.
   243 | D        | Found a glowing golden altar of the Shining One.
   243 | D        | Found a snail-covered altar of Cheibriados.
   243 | D        | Found a sacrificial altar of Ru.
   243 | D        | Found a glowing silver altar of Zin.
   243 | D        | Found a shadowy altar of Dithmenos.
   243 | D        | Found a white marble altar of Elyvilon.
   243 | D        | Noticed a yak
   244 | D        | Found an opulent altar of Gozag.
   255 | D        | Killed a yak
   255 | D        | Reached skill level 14 in Throwing
   255 | D        | Reached XP level 7. HP: 16/44 MP: 7/7
   256 | D        | Found a sparkling altar of Nemelex Xobeh.
   454 | D        | Became a worshipper of Warmaster Okawaru
   469 | D        | Found a burning altar of Makhleb.
   469 | D        | Found a viscous altar of Jiyva.
   469 | D        | Found a shimmering altar of Xom.
   469 | D        | Found a corrupted altar of Lugonu.
   469 | D        | Noticed a slime creature
   474 | D        | Killed a slime creature
   474 | D        | Reached skill level 5 in Fighting
   474 | D        | Reached skill level 15 in Throwing
   474 | D        | Reached skill level 5 in Dodging
   602 | D        | Noticed a kobold demonologist
   602 | D        | Noticed a kobold demonologist
   604 | D        | Reached XP level 8. HP: 50/50 MP: 8/8
   615 | D        | Killed a kobold demonologist
   615 | D        | Reached * piety under Okawaru
   615 | D        | Reached skill level 16 in Throwing
   620 | D        | Killed a kobold demonologist
   620 | D        | Reached skill level 17 in Throwing
   633 | D        | Killed a gargoyle
   709 | D        | Noticed Sonja
   712 | D        | Killed Sonja
   712 | D        | Reached skill level 18 in Throwing
   712 | D        | Reached XP level 9. HP: 53/56 MP: 9/9
   815 | D        | Found Hiemuidi's Weapon Boutique.
   835 | D        | Noticed a deep troll
   856 | D        | Killed a deep troll
   856 | D        | Reached ** piety under Okawaru
   856 | D        | Reached skill level 19 in Throwing
   963 | D        | Found Bauvamix's Armour Emporium.
   985 | D        | Noticed a centaur warrior
   986 | D        | Noticed a centaur warrior
   993 | D        | Killed a centaur warrior
   993 | D        | Reached skill level 5 in Stealth
   993 | D        | Reached XP level 10. HP: 41/63 MP: 10/10
  1005 | D        | Slain by a centaur warrior

Levels and vault maps discovered:
D:        dungeon_sprint_1 [red_sonja_temple_1, red_sonja_temple_small_1]

Skill      XL: |  1  2  3  4  5  6  7  8  9 |
---------------+----------------------------+-----
Throwing       | 7 10 12 14 15 18 19 | 19.9
Dodging        | 3 4 5 6 |  6.2
Fighting       | 3 4 5 6 7 |  7.1
Armour         | 1 2 3 4 |  4.6
Stealth        | 2 4 5 |  5.1

Action                   |  1- 3 |  4- 6 |  7- 9 | 10-12 || total
-------------------------+-------+-------+-------+-------++-------
Melee: Short sword       |       |     1 |     4 |     7 ||    12
Throw: Boomerang         |    27 |    28 |    40 |     4 ||    99
  Use: Potion            |       |     1 |     1 |     1 ||     3
 Stab: Sleeping          |       |       |     1 |       ||     1
  Eat: Chunk             |       |       |     8 |       ||     8
Armor: Leather armour    |     6 |     1 |       |       ||     7
       Troll leather arm |       |       |       |     2 ||     2
Dodge: Dodged            |    10 |     7 |    26 |     3 ||    46

Table legend:
 A = Non-vault XP
 B = Vault XP
 C = Vault XP percentage of total XP
 D = Non-vault monster count
 E = Vault monster count
 F = Vault count percentage of total count
                 A         B        C        D         E       F
            +---------+---------+-------+---------+---------+-------
      Total |       0 |    4273 | 100.0 |       0 |      12 | 100.0
            +---------+---------+-------+---------+---------+-------
          D |       0 |    4273 | 100.0 |       0 |      12 | 100.0
            +---------+---------+-------+---------+---------+-------
